 Dungeon Crawl Stone Soup version 0.26.1-11-gd32895ea62 (webtiles) character file.

Game seed: 9801771266371292136

6685 nightchill the Cleaver (level 11, -6/90 HPs)
             Began as a Formicid Abyssal Knight on Apr 20, 2021.
             Was a Priest of Lugonu.
             Mangled by an orc warrior
             ... wielding a +0 hand axe
              (16 damage)
             ... on level 9 of the Dungeon.
             The game lasted 00:19:32 (13401 turns).

nightchill the Cleaver (Formicid Abyssal Knight)   Turns: 13401, Time: 00:19:33

Health: -6/90      AC:  9    Str: 21    XL:     11   Next: 23%
Magic:  18/18      EV:  7    Int: 11    God:    Lugonu [***...]
Gold:   655        SH:  7    Dex: 10    Spells: 10/10 levels left

rFire    + . .     SeeInvis +   a - +0 war axe
rCold    + . .     Faith    .   t - +0 kite shield
rNeg     . . .     Spirit   .   E - +0 ring mail {rC+}
rPois    .         Reflect  .   (helmet unavailable)
rElec    .         Harm     .   (no cloak)
rCorr    .         Rampage  .   H - +0 pair of gloves
Will     ++...                  f - +2 pair of boots
Stlth    ..........             (no amulet)
HPRegen  0.25/turn              I - ring of protection from fire
MPRegen  0.16/turn              C - ring of willpower

@: lethally poisoned (-6 -> -7), attractive
A: permanent stasis, dig shafts and tunnels, four strong arms, antennae 3
a: Dig, Shaft Self, Renounce Religion, Depart the Abyss, Bend Space, Banish


You were on level 9 of the Dungeon.
You worshipped Lugonu.
Lugonu was most pleased with you.
You visited 2 branches of the dungeon, and saw 10 of its levels.
You visited the Abyss 1 time.

You collected 713 gold pieces.
You spent 58 gold pieces at shops.

Inventory:

Hand Weapons
 a - a +0 war axe (weapon)
 v - a +1 hand axe
 w - a +0 morningstar
 K - a +0 dagger of venom
Missiles
 l - 14 boomerangs
 m - 3 javelins
Armour
 f - a +2 pair of boots (worn)
 h - a +0 chain mail
 t - a +0 kite shield (worn)
 E - a +0 ring mail of cold resistance (worn)
 H - a +0 pair of gloves (worn)
Jewellery
 k - an uncursed ring of protection from fire
 C - a ring of willpower (right hand)
 I - a ring of protection from fire (left hand)
Wands
 b - a wand of digging (12)
 s - a wand of polymorph (5)
 J - a wand of acid (10)
Scrolls
 e - 4 scrolls of amnesia {unknown}
 g - a scroll of identify
 j - a scroll of enchant armour {unknown}
 p - 4 scrolls of blinking {unknown}
 r - 2 scrolls of noise {unknown}
 u - 4 scrolls of teleportation {unknown}
 y - 2 scrolls of remove curse {unknown}
 A - 5 scrolls of enchant weapon {unknown}
 F - a scroll of fog {unknown}
 G - 2 scrolls of immolation {unknown}
Potions
 c - 2 potions of magic
 d - 2 potions of invisibility {unknown}
 n - a potion of attraction
 o - a potion of cancellation
 q - a potion of brilliance {unknown}
 x - 3 potions of haste
 B - 2 potions of curing {unknown}
 D - 2 potions of ambrosia {unknown}


   Skills:
 + Level 9.6 Fighting
 * Level 11.6 Axes
 - Level 2.1 Armour
 - Level 0.8 Dodging
 + Level 10.1 Invocations


You had 10 spell levels left.
You didn't know any spells.
Your spell library contained the following spells:

 Spells                   Type           Power        Failure   Level
 Confusing Touch          Hex            0%           100%        3
 Gell's Gravitas          Tloc           0%           100%        3
 Petrify                  Tmut/Erth      0%           100%        4
 Metabolic Englaciation   Hex/Ice        0%           100%        5
 Yara's Violent Unravell  Hex/Tmut       0%           100%        5


Dungeon Overview and Level Annotations

Branches:
Dungeon (9/15)             Temple (1/1) D:5
   Lair: D:8-11         Orc: D:9-12

Altars:
Ashenzari
Elyvilon
Hepliaklqana
Nemelex Xobeh
Trog
Uskayaw

Shops:
D:4 [

Annotations:
D:5 exclusion: downstairs
Abyss:1 Grinder


Innate Abilities, Weirdness & Mutations

You cannot be hasted, slowed, berserked, paralysed or teleported.
You can dig through walls and to a lower floor.
Your four strong arms can wield two-handed weapons with a shield.
You have a pair of large antennae on your head. (SInv)


Message History

* * * LOW HITPOINT WARNING * * *
You slash the yak!
You kill the yak!
Lugonu accepts your kill.
You completely miss the orc warrior.
You feel sick.
The orc warrior hits you with a +0 hand axe.
* * * LOW HITPOINT WARNING * * *
You extend your mandibles.
You dig through the rock wall.
You dig through the rock wall.
You dig through the rock wall.
You feel sick.
You retract your mandibles.
You barely miss the orc warrior.
The orc warrior hits you with a +0 hand axe!
* * * LOW HITPOINT WARNING * * *
It was a potion of cancellation.
Your magical effects are unravelling.
You feel magically purged.
You feel a little less mighty now.
The orc warrior hits you with a +0 hand axe!
You die...

...?... #.......#
....... ####.##.#
....... #....##.# ..#
....... #.#####.# ...#
.....oo####.#####.# ...
......{{..........#..###
......{##{#.......#.....
.....{{#o##.......'.#
.......##@#.......#.#
....... ###.......#.# ##
....... #.......# # #.
..S.... #.......# ###.
....... #.......# #...
#######.# #.## {
#.#####.## #########
#.......## .....(..#
#########.####....


You could see an orc warrior.

Vanquished Creatures
  Sigmund (D:6)
  6 yaks (D:9)
  A wyvern (D:9)
  A water moccasin (D:9)
  A sky beast (D:8)
  A phantom (D:5)
  2 orc warriors
  2 ice beasts
  2 ogres
  A centaur (D:5)
  Blork the orc (D:6)
  A gnoll sergeant (D:6)
  A bullfrog (D:9)
  3 scorpions
  3 killer bees (D:8)
  4 howler monkeys
  3 jellies
  A quasit (D:8)
  A bullfrog zombie (D:7)
  4 orc priests
  6 hounds
  A centaur skeleton (D:8)
  An iguana (D:8)
  13 orc wizards
  6 worker ants
  2 hound skeletons
  3 gnolls (D:6)
  3 adders
  A shadow imp (D:6)
  A white imp (D:7)
  An ufetubus (D:5)
  An ooze (D:1)
  An adder zombie (D:8)
  5 worms
  6 dart slugs
  4 leopard geckos
  32 orcs
  5 giant cockroaches
  12 hobgoblins
  20 jackals
  13 kobolds
  5 quokkas
  A ball python (D:3)
  10 bats
  12 frilled lizards
  11 goblins
  A jackal skeleton (D:5)
  2 jackal zombies (D:7)
  A leopard gecko skeleton (D:4)
  A quokka skeleton (D:4)
  6 rats
227 creatures vanquished.

Vanquished Creatures (others)
  8 plants
8 creatures vanquished.

Grand Total: 235 creatures vanquished

Notes
Turn   | Place    | Note
-------+----------+-------------------------------------------
     0 | Abyss:1  | nightchill the Formicid Abyssal Knight began the quest for
                  | the Orb.
     0 | Abyss:1  | Reached XP level 1. HP: 18/18 MP: 2/2
    76 | Abyss:1  | Noticed an ancient zyme
    77 | D:1      | Escaped the Abyss
   196 | D:1      | Reached XP level 2. HP: 18/24 MP: 3/3
   381 | D:1      | Reached * piety under Lugonu
   504 | D:1      | Reached XP level 3. HP: 29/29 MP: 4/4
   866 | D:1      | Reached skill level 3 in Axes
  1500 | D:2      | You fall into a shaft and drop 2 floors!
  1500 | D:4      | Found Qarroa's Armour Shoppe.
  1556 | D:3      | Reached XP level 4. HP: 33/37 MP: 6/6
  1615 | D:2      | Reached ** piety under Lugonu
  2497 | D:2      | Found a hazy altar of Hepliaklqana.
  2561 | D:2      | Reached XP level 5. HP: 42/42 MP: 7/7
  3003 | D:3      | Reached skill level 4 in Axes
  3411 | D:3      | Found a hide-covered altar of Uskayaw.
  3413 | D:3      | Noticed a +0 hand axe
  3441 | D:3      | Reached *** piety under Lugonu
  3486 | D:3      | Noticed a +0 dagger
  3744 | D:4      | Reached XP level 6. HP: 41/49 MP: 8/8
  4039 | D:4      | Noticed a black bear
  4779 | D:5      | Entered Level 5 of the Dungeon
  4969 | D:5      | Noticed a troll
  4972 | D:5      | Banished a troll
  4973 | D:5      | Reached skill level 5 in Fighting
  4973 | D:5      | Reached skill level 5 in Axes
  4973 | D:5      | Reached XP level 7. HP: 56/56 MP: 5/10
  5039 | D:5      | Reached skill level 5 in Invocations
  5272 | D:5      | Found a staircase to the Ecumenical Temple.
  5290 | D:5      | Reached skill level 6 in Axes
  5290 | D:5      | Reached XP level 8. HP: 63/63 MP: 10/12
  5713 | Temple   | Entered the Ecumenical Temple
  6589 | D:5      | Reached skill level 7 in Axes
  7415 | D:6      | Reached XP level 9. HP: 71/71 MP: 13/13
  7711 | D:6      | Noticed Grinder
  7725 | D:6      | Banished Grinder
  7726 | D:6      | Reached skill level 8 in Axes
  8061 | D:6      | Found a broken altar of Ashenzari.
  8153 | D:6      | Noticed Sigmund
  8165 | D:6      | Killed Sigmund
  8264 | D:6      | Noticed Blork the orc
  8272 | D:6      | Killed Blork the orc
  8432 | D:6      | Found a bloodstained altar of Trog.
  8913 | D:7      | Found a white marble altar of Elyvilon.
  9624 | D:8      | Reached skill level 9 in Axes
  9671 | D:8      | Found a sparkling altar of Nemelex Xobeh.
 10179 | D:8      | Reached XP level 10. HP: 58/80 MP: 16/16
 10727 | D:8      | Noticed a two-headed ogre
 10728 | D:8      | Banished a two-headed ogre
 10729 | D:8      | Reached skill level 10 in Axes
 10788 | D:8      | Noticed a two-headed ogre
 10792 | D:8      | HP: 3/82 [two-headed ogre/cursed -3 giant spiked club (18)]
 10795 | D:8      | Banished a two-headed ogre
 12011 | D:9      | Reached skill level 11 in Axes
 12233 | D:9      | Noticed a two-headed ogre
 12239 | D:9      | Banished a two-headed ogre
 12240 | D:9      | Reached XP level 11. HP: 89/89 MP: 13/18
 12971 | D:4      | Bought a +0 kite shield for 58 gold pieces
 13384 | D:9      | Reached skill level 10 in Invocations
 13401 | D:9      | Mangled by an orc warrior

Illustrated notes

Levels and vault maps discovered:
D:1:      erik_arrival_cave_to_civilisation [erik_arrival_cave_to_temple],
          layout_loops_ring, minmay_lizard_king
D:2:      minmay_alternating_diamond, layout_basic, nzn_hepliaklqana_mist_gate,
          minmay_unequal
D:3:      layout_basic, dancing_weapons_uskayaw, corexii_shack
D:4:      layout_basic, serial_shops, nicolae_shop_competitors_out_of_business,
          lightli_corner_chamber
D:5:      layout_basic, temple_statues, lemuel_flamethrower_1
D:6:      layout_cave_pods, ashenzari_altar_1, lightli_temple_of_fire,
          uniq_grinder, uniq_blork_the_orc, uniq_sigmund
D:7:      layout_gridville, overflow_temple_1_default, serial_glass,
          glass_columns_a, glass_columns_c, minmay_strange_pillars
D:8:      minmay_flawed_box, layout_basic, overflow_temple_1_default
D:9:      layout_basic
Temple:   eino_temple_scatter_basement

Skill      XL: |  1  2  3  4  5  6  7  8  9 10 11 |
---------------+----------------------------------+-----
Axes           | 3 4 5 6 7 9 11 | 11.6
Invocations    | 3 4 5 6 8 9 10 | 10.1
Fighting       | 4 5 6 7 9 |  9.6
Armour         | |  2.1
Dodging        | |  0.8

Action                   |  1- 3 |  4- 6 |  7- 9 | 10-12 || total
-------------------------+-------+-------+-------+-------++-------
Melee: Hand axe          |   129 |   280 |   166 |       ||   575
       War axe           |       |       |   191 |   192 ||   383
Invok: Depart the Abyss  |     1 |       |       |       ||     1
       Banish            |       |     1 |     9 |     4 ||    14
       Bend Space        |       |       |     1 |       ||     1
 Abil: Dig               |     1 |     1 |     4 |     1 ||     7
  Use: Scroll            |       |     7 |     2 |     1 ||    10
       Potion            |       |       |     4 |     4 ||     8
Armor: Ring mail         |    74 |   148 |   138 |    56 ||   416
       Skin              |       |       |    20 |    34 ||    54
Dodge: Dodged            |    74 |   133 |   173 |    76 ||   456
Block: Kite shield       |       |       |       |    14 ||    14
